 Dungeon Sprint DCSS version 0.21.1-1-g345015f (webtiles) character file.

1220 sankara the Spear-Bearer (level 8, 0/71 HPs)
             Began as a Formicid Fighter on Apr 3, 2018.
             Was a Follower of Okawaru.
             Slain by a demonic crawler (7 damage)
             ... in the Dungeon (Sprint I: "Red Sonja").
             The game lasted 00:04:39 (614 turns).

sankara the Spear-Bearer (Formicid Fighter)          Turns: 614, Time: 00:04:40

Health: 0/71       AC: 10    Str: 23    XL:     8   Next: 75%
Magic:  7/8        EV: 13    Int:  8    God:    Okawaru [*.....]
Gold:   405        SH: 12    Dex: 10    Spells: 7/7 levels left

rFire    . . .     SeeInvis +   a - +0 scythe
rCold    . . .     Gourm    .   c - +0 shield
rNeg     . . .     Faith    .   m - +3 ring mail {rPois}
rPois    +         Spirit   .   (helmet unavailable)
rElec    .         Reflect  .   (no cloak)
rCorr    .         Harm     .   (no gloves)
MR       .....                  (no boots)
Stlth    ..........             (no amulet)
HPRegen  0.21/turn              (no ring)
MPRegen  0.11/turn              (no ring)

@: no status effects
A: permanent stasis, dig shafts and tunnels, four strong arms, antennae 3
a: Dig, Heroism, Renounce Religion


You were in the Dungeon.
You worshipped Okawaru.
Okawaru was aware of your devotion.
You were not hungry.

You visited 1 branch You collected 405 gold pieces.

Inventory:

Hand Weapons
 a - a +0 scythe (weapon)
   (You took it off Sigmund in the Dungeon)
Armour
 c - a +0 shield (worn)
 m - a +3 ring mail of poison resistance (worn)
   (You took it off Ijyb in the Dungeon)
Scrolls
 b - a scroll of identify {unknown}
Potions
 d - a potion of might
 e - 2 potions of curing
 g - a potion of heal wounds
 i - 3 potions of magic
Comestibles
 f - a ration


   Skills:
 + Level 9.1 Fighting
 * Level 11.0 Polearms
 + Level 9.1 Armour
 - Level 5.2 Dodging
 + Level 0.0 Stealth
 + Level 10.0 Shields
 + Level 0.0 Invocations


You had 7 spell levels left.
You didn't know any spells.

Dungeon Overview and Level Annotations

Branches:
Dungeon (1/1)

Altars:
Cheibriados
Dithmenos
Elyvilon
Fedhas
Gozag
Hepliaklqana
Kikubaaqudgha
Makhleb
Nemelex Xobeh
Okawaru
Qazlal
Ru
Sif Muna
Trog
Uskayaw
Vehumet
Wu Jian
Xom
Yredelemnul
Zin
The Shining One
Jiyva
Lugonu

Shops:
D =


Innate Abilities, Weirdness & Mutations

You cannot be hasted, slowed, berserked, paralysed or teleported.
You can dig through walls and to a lower floor.
Your four strong arms can wield two-handed weapons with a shield.
You have a pair of large antennae on your head. (SInv)


Message History

You gain the combat prowess of a mighty hero.
You open the door. 4 demonic crawlers come into view.
The demonic crawler gives a hideous shriek! x4
You hit the demonic crawler.
The demonic crawler is lightly wounded.
You block the demonic crawler's attack. x4; The demonic crawler misses you.
The demonic crawler hits you!
You barely miss the demonic crawler.
The demonic crawler is lightly wounded.
The demonic crawler completely misses you.
You block the demonic crawler's attack. The demonic crawler barely misses you.
You slash the demonic crawler!
The demonic crawler is moderately wounded.
The demonic crawler hits you but does no damage.
You block the demonic crawler's attack. The demonic crawler barely misses you.
You block the demonic crawler's attack. The demonic crawler closely misses you.
The demonic crawler misses you.
Attack whom?
Press: ? - help, Dir - move target cursor, f - demonic crawler
Aim: a demonic crawler (moderately wounded, clinging)
You hit the demonic crawler.
The demonic crawler is moderately wounded.
You block the demonic crawler's attack. The demonic crawler hits you.
The demonic crawler misses you. You block the demonic crawler's attack.
The demonic crawler hits you. x2; The demonic crawler misses you.
The demonic crawler hits you but does no damage.
The demonic crawler barely misses you.
Attack whom?
Press: ? - help, Dir - move target cursor, f/p - demonic crawler
Aim: a demonic crawler (moderately wounded, clinging)
Your ring mail prevents you from hitting the demonic crawler.
The demonic crawler is moderately wounded.
You block the demonic crawler's attack. The demonic crawler barely misses you.
You block the demonic crawler's attack. The demonic crawler hits you!
The demonic crawler hits you. You block the demonic crawler's attack.
The demonic crawler hits you.
The demonic crawler completely misses you.
The demonic crawler misses you.
Attack whom?
Press: ? - help, Dir - move target cursor, f/p - demonic crawler
Aim: a demonic crawler (moderately wounded, clinging)
You slice the demonic crawler!!
The demonic crawler is heavily wounded.
You block the demonic crawler's attack. x3
The demonic crawler completely misses you.
The demonic crawler hits you. The demonic crawler misses you. x2
The demonic crawler closely misses you. The demonic crawler barely misses you.
Attack whom?
Press: ? - help, Dir - move target cursor, f/p - demonic crawler
Aim: a demonic crawler (heavily wounded, clinging)
You slash the demonic crawler!
The demonic crawler is almost dead.
You feel like a meek peon again.
The demonic crawler hits you but does no damage.
You block the demonic crawler's attack. x2; The demonic crawler hits you!
You block the demonic crawler's attack. The demonic crawler hits you!
The demonic crawler hits you but does no damage.
The demonic crawler barely misses you.
The demonic crawler hits you but does no damage.
Attack whom?
Press: ? - help, Dir - move target cursor, f/p - demonic crawler
Aim: a demonic crawler (almost dead, clinging)
You hit the demonic crawler but do no damage.
The demonic crawler is almost dead.
The demonic crawler hits you but does no damage. x2
You block the demonic crawler's attack. x2
The demonic crawler barely misses you. x2
The demonic crawler hits you but does no damage. x2
The demonic crawler hits you. The demonic crawler hits you!
* * * LOW HITPOINT WARNING * * *
The demonic crawler misses you. The demonic crawler hits you.
* * * LOW HITPOINT WARNING * * *
Attack whom?
Press: ? - help, Dir - move target cursor, f/p - demonic crawler
Aim: a demonic crawler (almost dead, clinging)
You hit the demonic crawler but do no damage.
The demonic crawler is almost dead.
You block the demonic crawler's attack. The demonic crawler closely misses you.
The demonic crawler hits you but does no damage.
The demonic crawler misses you.
The demonic crawler hits you but does no damage.
The demonic crawler barely misses you.
The demonic crawler hits you but does no damage.
You block the demonic crawler's attack. The demonic crawler misses you.
The demonic crawler hits you but does no damage.
The demonic crawler closely misses you.
The demonic crawler hits you but does no damage.
Attack whom?
Press: ? - help, Dir - move target cursor, f/p - demonic crawler
Aim: a demonic crawler (almost dead, clinging)
You hit the demonic crawler but do no damage.
The demonic crawler is almost dead.
The demonic crawler misses you. You block the demonic crawler's attack.
The demonic crawler hits you.
* * * LOW HITPOINT WARNING * * *
The demonic crawler misses you.
The demonic crawler hits you but does no damage. x2
You block the demonic crawler's attack. x2; The demonic crawler hits you!
You die...

##################
.#..'..#__#..)...#
.')?#..'..'.)#..s##+#
'#####'#__####..@ss.#
.#...#.#### #####s.+
##..##(# { ##
_##'#_.+ { ..'..._# {
_##_.#'# { _###+#.# {
## ### {


You could see 4 demonic crawlers.

Vanquished Creatures
  2 kobold demonologists (D)
  A slime creature (D)
  Sigmund (D)
  A yak (D)
  A floating eye (D)
  An ogre (D)
  A jelly (D)
  Ijyb (D)
9 creatures vanquished.

Vanquished Creatures (others)
  A gargoyle (D)
1 creature vanquished.

Grand Total: 10 creatures vanquished

Notes
Turn   | Place    | Note
-------+----------+-------------------------------------------
     0 | D        | sankara the Formicid Fighter began the quest for the Orb.
     0 | D        | Reached XP level 1. HP: 18/18 MP: 1/1
     1 | D        | Noticed Ijyb
    24 | D        | Killed Ijyb
    24 | D        | Reached skill level 4 in Fighting
    24 | D        | Reached skill level 3 in Polearms
    24 | D        | Reached skill level 4 in Armour
    24 | D        | Reached skill level 1 in Dodging
    24 | D        | Reached skill level 4 in Shields
    24 | D        | Reached XP level 2. HP: 10/25 MP: 2/2
    24 | D        | Reached XP level 3. HP: 12/30 MP: 3/3
   153 | D        | Killed a gargoyle
   195 | D        | Noticed an ogre
   199 | D        | Killed an ogre
   199 | D        | Reached skill level 5 in Fighting
   199 | D        | Reached skill level 5 in Polearms
   199 | D        | Reached skill level 5 in Armour
   199 | D        | Reached skill level 3 in Dodging
   199 | D        | Reached skill level 5 in Shields
   199 | D        | Reached XP level 4. HP: 39/39 MP: 4/4
   199 | D        | Reached XP level 5. HP: 44/44 MP: 5/5
   212 | D        | Noticed Sigmund
   218 | D        | Killed Sigmund
   218 | D        | Reached skill level 6 in Fighting
   218 | D        | Reached skill level 7 in Polearms
   218 | D        | Reached skill level 6 in Armour
   218 | D        | Reached skill level 4 in Dodging
   218 | D        | Reached skill level 7 in Shields
   218 | D        | Reached XP level 6. HP: 53/53 MP: 6/6
   243 | D        | Found an ornate altar of the Wu Jian Council.
   243 | D        | Found a deep blue altar of Sif Muna.
   245 | D        | Found a radiant altar of Vehumet.
   252 | D        | Found Karufada's Jewellery Emporium.
   252 | D        | Found an ancient bone altar of Kikubaaqudgha.
   252 | D        | Found a hazy altar of Hepliaklqana.
   252 | D        | Found a stormy altar of Qazlal.
   252 | D        | Found a hide-covered altar of Uskayaw.
   252 | D        | Found a blossoming altar of Fedhas.
   252 | D        | Found a bloodstained altar of Trog.
   252 | D        | Found an iron altar of Okawaru.
   252 | D        | Found a basalt altar of Yredelemnul.
   252 | D        | Found a glowing golden altar of the Shining One.
   252 | D        | Found a snail-covered altar of Cheibriados.
   252 | D        | Found a sacrificial altar of Ru.
   252 | D        | Found a glowing silver altar of Zin.
   252 | D        | Found a shadowy altar of Dithmenos.
   252 | D        | Found a white marble altar of Elyvilon.
   252 | D        | Noticed a yak
   262 | D        | Killed a yak
   262 | D        | Reached skill level 7 in Fighting
   262 | D        | Reached skill level 8 in Polearms
   262 | D        | Reached skill level 7 in Armour
   262 | D        | Reached skill level 5 in Dodging
   262 | D        | Reached skill level 8 in Shields
   262 | D        | Reached XP level 7. HP: 17/60 MP: 7/7
   263 | D        | Found an opulent altar of Gozag.
   264 | D        | Found a sparkling altar of Nemelex Xobeh.
   269 | D        | Became a worshipper of Warmaster Okawaru
   476 | D        | Found a burning altar of Makhleb.
   476 | D        | Found a viscous altar of Jiyva.
   476 | D        | Found a shimmering altar of Xom.
   476 | D        | Found a corrupted altar of Lugonu.
   476 | D        | Noticed a slime creature
   487 | D        | Killed a slime creature
   487 | D        | Reached skill level 9 in Polearms
   582 | D        | Noticed a kobold demonologist
   583 | D        | Reached * piety under Okawaru
   583 | D        | Reached skill level 8 in Fighting
   583 | D        | Reached skill level 8 in Armour
   583 | D        | Reached skill level 9 in Shields
   583 | D        | Reached XP level 8. HP: 68/68 MP: 8/8
   588 | D        | Noticed a kobold demonologist
   588 | D        | Killed a kobold demonologist
   588 | D        | Reached skill level 10 in Polearms
   597 | D        | Killed a kobold demonologist
   597 | D        | Reached skill level 9 in Fighting
   597 | D        | Reached skill level 11 in Polearms
   597 | D        | Reached skill level 9 in Armour
   597 | D        | Reached skill level 10 in Shields
   604 | D        | Noticed a demonic crawler
   604 | D        | Noticed a demonic crawler
   604 | D        | Noticed a demonic crawler
   604 | D        | Noticed a demonic crawler
   612 | D        | HP: 13/71 [demonic crawler (9)]
   614 | D        | Slain by a demonic crawler

Skill      XL: |  1  2  3  4  5  6  7  8 |
---------------+-------------------------+-----
Fighting       | 4 5 6 7 8 9 |  9.1
Polearms       | 3 5 7 8 9 11 | 11.0
Armour         | 4 5 6 7 8 9 |  9.1
Dodging        | 1 3 4 5 |  5.2
Shields        | 4 5 7 8 9 10 | 10.0

Action                   |  1- 3 |  4- 6 |  7- 9 || total
-------------------------+-------+-------+-------++-------
Melee: Trident           |    27 |     6 |       ||    33
       Scythe            |       |    12 |    35 ||    47
Invok: Heroism           |       |       |     2 ||     2
Armor: Scale mail        |     7 |       |       ||     7
       Ring mail         |       |     2 |    21 ||    23
Dodge: Dodged            |     7 |     2 |    33 ||    42
Block: Shield            |     5 |    11 |    36 ||    52

Vault maps used:
D:        dungeon_sprint_1

Table legend:
 A = Turns spent in this place as a percentage of turns spent in the entire game.
 B = Non-inter-level travel turns spent in this place as a percentage of non-inter-level travel turns spent in the entire game.
 C = Inter-level travel turns spent in this place as a percentage of turns spent in this place.
 D = Turns resting spent in this place as a percentage of non-inter-level travel turns spent in this place.
 E = Turns spent auto-exploring this place as a percentage of non-inter-level travel turns spent in this place.
 F = Non-inter-level travel turns spent in this place divided by the number of levels of this place that you've seen.
                   A       B       C       D       E      F
               +-------+-------+-------+-------+-------+----------------------
         Total | 100.0 | 100.0 |   0.0 |  62.5 |   0.0 | 614.0
       Dungeon | 100.0 | 100.0 |   0.0 |  62.5 |   0.0 | 614.0
               +-------+-------+-------+-------+-------+----------------------

Table legend:
 A = Kills in this place as a percentage of kills in entire the game.
 B = Kills by you in this place as a percentage of kills by you in the entire game.
 C = Kills by friends in this place as a percentage of kills by friends in the entire game.
 D = Other kills in this place as a percentage of other kills in the entire game.
 E = Experience gained in this place as a percentage of experience gained in the entire game.
 F = Experience gained in this place divided by the number of levels of this place that you have seen.
                   A       B       C       D       E      F
               +-------+-------+-------+-------+-------+----------------------
         Total | 100.0 | 100.0 |   N/A |   N/A | 100.0 | 1743.0
       Dungeon | 100.0 | 100.0 |   N/A |   N/A | 100.0 | 1743.0
               +-------+-------+-------+-------+-------+----------------------
